AoeStats
← Canek

Black Forest

510050099Analyzed
2v2 RM · 3d ago on Sep 29, 2026· 52m 6s· 4 players
Game mode
Random Map
Map size
Medium (4 player)
Population
200
Speed
Normal
Resources
Standard
Victory
Conquest
Starting age
Dark Age
Ending age
Imperial Age
RankedLock teamsTeams togetherTeam positionsShared explorationLock speedFull tech treeHidden civsTurbo modeCheats
Victory
Defeat
🇹🇼 Malians · Taiwan
1051
+18
🇨🇳 Hindustanis · China
1015
+20
🇲🇽 Vikings · Mexico
1148
-21
🇲🇽 Wu · Mexico
1053
-17
梅西中国行
0:27 Loom
12:59 Feudal Age
26:06 Castle Age
25:38 Double-Bit Axe
34:53 Imperial Age
33:02 Ballistics
32:59 Town Watch
34:24 Fortified Wall
34:10 Murder Holes
35:20 Wheelbarrow
36:21 Town Patrol
36:33 Thumb Ring
37:54 Chemistry
37:21 Hand Cart
38:01 Shatagni
38:01 Gold Mining
39:21 Gold Shaft Mining
38:52 Grand Trunk Road
39:19 Conscription
41:03 Padded Archer Armor
40:54 Fletching
41:16 Caravan
42:20 Leather Archer Armor
42:44 Coinage
42:37 Bow Saw
42:34 Horse Collar
42:55 Bodkin Arrow
43:40 Heavy Plow
45:28 Hoardings
46:26 Ring Archer Armor
45:57 Bracer
47:12 Banking
47:49 Two-Man Saw
47:17 Stone Mining
qvbcheng
14:10 Feudal Age
18:27 Castle Age
16:42 Double-Bit Axe
16:58 Horse Collar
17:36 Gold Mining
18:56 Forging
19:38 Bow Saw
20:06 Scale Mail Armor
26:17 Chain Mail Armor
26:35 Fletching
31:57 Iron Casting
33:32 Fervor
34:59 Heavy Plow
36:55 Wheelbarrow
39:31 Imperial Age
39:37 Imperial Age
37:22 Stone Mining
38:35 Hand Cart
39:13 Scale Barding Armor
41:09 Bloodlines
41:00 Husbandry
40:21 Cavalier
41:59 Chain Barding Armor
41:46 Farimba
42:41 Conscription
43:19 Gold Shaft Mining
43:41 Plate Barding Armor
45:27 Caravan
46:25 Crop Rotation
50:30 Plate Mail Armor
51:26 Elite Gbeto
arq_lobo
4:28 Loom
13:25 Feudal Age
15:23 Double-Bit Axe
20:44 Castle Age
18:53 Gold Mining
19:52 Scale Mail Armor
20:03 Forging
19:49 Fishing Lines
22:13 Gillnets
22:20 Fletching
27:45 Wheelbarrow
29:28 Horse Collar
31:01 Bow Saw
33:24 Hand Cart
32:54 Town Watch
34:48 Ballistics
34:50 Bodkin Arrow
36:26 Padded Archer Armor
39:36 Imperial Age
37:00 Treadmill Crane
37:58 Leather Archer Armor
38:55 Murder Holes
40:55 Sitting Tiger
41:02 Bracer
42:22 Iron Casting
44:13 Two-Man Saw
44:26 Blast Furnace
43:32 Scale Barding Armor
43:31 Husbandry
44:35 Bloodlines
43:47 Heavy Hei Guang Cavalry
44:27 Light Cavalry
46:41 Chain Barding Armor
47:04 Elite Fire Archer
48:23 Chain Mail Armor
47:33 Pikeman
51:58 Squires
Canek
0:37 Loom
16:06 Feudal Age
23:43 Castle Age
22:10 Man-at-Arms
22:53 Horse Collar
23:00 Double-Bit Axe
24:33 Heavy Plow
25:44 Fletching
25:22 Crossbowman
26:34 Gold Mining
28:23 Bodkin Arrow
35:27 Imperial Age
33:52 Padded Archer Armor
34:06 Bow Saw
34:12 Fervor
34:37 Forging
36:00 Gold Shaft Mining
35:15 Stone Mining
36:18 Leather Archer Armor
36:00 Elite Varangian Guard
36:18 Arbalester
37:02 Squires
36:44 Capped Ram
37:31 Elite Varangian Guard
38:40 Ballistics
38:00 Treadmill Crane
39:28 Crop Rotation
41:07 Chemistry
39:58 Heated Shot
42:23 Conscription
42:46 Ring Archer Armor
43:56 Bracer
44:09 Masonry
44:28 Elite Skirmisher
46:39 Hoardings
46:32 Scale Mail Armor
47:07 Iron Casting
46:26 Pikeman
48:51 Chain Mail Armor
50:57 Fortified Wall
51:17 Architecture
Connection lost

Rejoining the realm…

Still unreachable

The connection could not be restored.

Session expired

The server has moved on; the page needs a fresh start.